 Dungeon Crawl Stone Soup version 0.31.0-1-g2c135a008e (webtiles) character file.

Game seed: 9777919457142597070

1999 qw the Skirmisher (level 9, -23/66 HPs)
             Began as a Djinni Hunter on Jan 24, 2024.
             Annihilated by a very large slime creature (49 damage)
             ... on level 6 of the Dungeon.
             The game lasted 00:00:14 (4128 turns).

qw the Skirmisher (Djinni Hunter)                   Turns: 4128, Time: 00:00:15

Health: -23/66     AC:  5    Str: 10    XL:     9   Next: 45%
Gold:   259        EV: 15    Int: 12    God:
                   SH:  0    Dex: 20

rFire   + + .        e - +2 arbalest (elec)
rCold   . . .        (shield currently unavailable)
rNeg    . . .        p - +2 leather armour {rC+}
rPois   inf          (no helmet)
rElec   .            (no cloak)
rCorr   .            (no gloves)
SInv    .            (boots unavailable)
Will    .....        (no amulet)
Stlth   ++           (no ring)
HPRegen 0.31/turn    (no ring)
MPRegen 0.00/turn

%: infuse magic (-24 HP)
@: flying
A: sickness immunity, fire resistance 2, cold vulnerability 1, float, innate
caster, HP casting, extra vitality 1
a: no special abilities


You were on level 6 of the Dungeon.
You visited 1 branch of the dungeon, and saw 6 of its levels.
You also visited: Ossuary.

You collected 259 gold pieces.


Innate Abilities, Weirdness & Mutations

You are immune to sickness and miasma.
You are immune to poison.
Your flesh is very heat resistant. (rF++)
You are vulnerable to cold. (rC-)
You float through the air rather than walking.
You learn spells naturally, not from books.
Your magical power is your life essence.
You have superior vitality. (+4 MHP)


   Skills:
 - Level 6.1 Fighting
 + Level 8.0 Ranged Weapons
 - Level 1.0 Armour
 - Level 6.2 Dodging
 - Level 0.7 Stealth


You knew the following spells:

 Your Spells              Type           Power      Damage    Failure   Level
a - Sandblast             Erth           0%         2d4       41%         1
b - Searing Ray           Conj           0%         2d4       56%         2
c - Passwall              Erth           0%         N/A       80%         3
d - Animate Armour        Summ/Erth      0%         N/A       99%         4
Your spell library was empty.

Inventory:

Hand Weapons
 e - a +2 arbalest of electrocution (weapon)
Armour
 p - a +2 leather armour of cold resistance (worn)
 q - a +0 leather armour of fire resistance
Wands
 j - a wand of mindburst (5)
Scrolls
 a - a scroll of noise {unknown}
 c - a scroll of enchant armour
Potions
 b - a potion of might {unknown}
 d - 2 potions of heal wounds
 f - a potion of attraction {unknown}
 g - a potion of cancellation {unknown}
 h - a potion of enlightenment {unknown}
 i - 2 potions of magic {unknown}
 k - 2 potions of curing
 m - a potion of ambrosia {unknown}
 o - a potion of degeneration {unknown}

Dungeon Overview and Level Annotations

Branches:
Dungeon (6/15)            Ossuary (visited)
 Temple: D:4-7

Altars:
Nemelex Xobeh
Xom

Shops:
D:3 (


Message History

The very large slime creature is moderately wounded.
You hear a shout!
The very large slime creature hits you!
You shoot a bolt.
The bolt hits the very large slime creature!
The very large slime creature is moderately wounded.
The very large slime creature closely misses you.
The very large slime creature completely misses you.
An endoplasm comes into view.
You shoot a bolt.
The bolt hits the very large slime creature.
The very large slime creature is moderately wounded.
The very large slime creature barely misses you.
The very large slime creature misses you.
The endoplasm moves out of view.
You shoot a bolt.
The bolt hits the very large slime creature.
Lightning courses through the very large slime creature!!
The very large slime creature is heavily wounded.
The very large slime creature closely misses you.
An endoplasm comes into view.
You shoot a bolt.
The bolt barely misses the very large slime creature.
The bolt closely misses the kobold brigand.
The very large slime creature barely misses you.
A kobold brigand comes into view.
It is wielding a +0 club and quivering poisoned darts.
The very large slime creature closely misses you.
You shoot a bolt.
The bolt barely misses the very large slime creature.
The kobold brigand shouts!
The bolt hits the kobold brigand.
The kobold brigand is almost dead.
The very large slime creature misses you.
You shoot a bolt.
The bolt hits the very large slime creature!!
Lightning courses through the very large slime creature!
The very large slime creature is severely wounded.
The very large slime creature hits you!!!
Ouch! That really hurt!
You die...

##.....####).###...
#.......###.#......#
#.......##........##
#.......##..#.##.##
#.......##..#.##.#
####....###...##.#
##..'?...# #.####.#
#.########
#.##.#.######
##.....@#
#...#..##.##.
#######J#
##.###.##.##.
JK##.## ##......
J.### #....... K.#
#..##.... ..#
#.#....... ..#
#.......^. P.#
###.##..)[ ......##[


You could see a very large slime creature, 2 kobold brigands and 2 jellies.

Vanquished Creatures
  Eustachio (D:5)
  Menkaure (D:5)
  Edmund (D:5)
  3 black bears
  An ice beast (D:6)
  A centaur (D:6)
  A phantom (D:5)
  An elf zombie (Ossuary)
  2 kobold brigands (D:6)
  2 scorpions (Ossuary)
  5 wights (D:6)
  A howler monkey (D:6)
  3 bombardier beetles
  A jelly (D:4)
  5 scorpion zombies (Ossuary)
  3 mummies (Ossuary)
  3 adders
  7 gnolls
  4 adder zombies (Ossuary)
  2 dart slugs
  3 orcs (D:6)
  6 ball pythons
  2 bats (D:1)
  12 endoplasms
  4 giant cockroaches
  2 gnoll zombies (Ossuary)
  4 goblins
  7 hobgoblins
  4 jackals (D:2)
  6 kobolds
  6 quokkas
  3 frilled lizards
  3 jackal zombies (Ossuary)
  2 kobold zombies (Ossuary)
  5 rats
117 creatures vanquished.

Notes
Turn   | Place    | Note
-------+----------+-------------------------------------------
     0 | D:1      | qw the Djinni Hunter began the quest for the Orb.
     0 | D:1      | Reached XP level 1. HP: 18/18 MP: 0/0
     0 | D:1      | 0 ||| qw: Version: 0.3-a-136-gdd3b4e8
     0 | D:1      | 0 ||| qw: Game counter: 1371
     0 | D:1      | 0 ||| qw: Melee chars always use a shield: true
     0 | D:1      | 0 ||| qw: God list: Okawaru
     0 | D:1      | 0 ||| qw: Allow faded altars: false
     0 | D:1      | 0 ||| qw: Do Orc after clearing Dungeon:15 true
     0 | D:1      | 0 ||| qw: Do second Lair branch before Depths: true
     0 | D:1      | 0 ||| qw: Lair rune preference: random
     0 | D:1      | 0 ||| qw: Goals: Normal
     0 | D:1      | 0 ||| PLANNING D:1-11
   111 | D:1      | Reached XP level 2. HP: 23/23 MP: 0/0
   141 | D:1      | 141 ||| SWAPPING to +0 arbalest.
   142 | D:1      | 142 ||| DROPPING +0 shortbow.
   411 | D:1      | 411 ||| UPGRADING to +0 ring mail.
   422 | D:1      | 422 ||| DROPPING +0 leather armour.
   559 | D:1      | Reached XP level 3. HP: 28/28 MP: 0/0
   559 | D:1      | Learned a level 1 spell: Sandblast
   583 | D:1      | Reached skill level 4 in Ranged Weapons
   832 | D:1      | 832 ||| READING scroll labelled EFRUWI QI TOONT.
   832 | D:1      | 832 ||| IDENTIFYING white potion
   833 | D:1      | 833 ||| READING scroll labelled MEUDEO TUEBON.
   833 | D:1      | 833 ||| ENCHANTING +0 arbalest.
   834 | D:1      | 834 ||| READING scroll labelled XUVOIXUCOE.
   835 | D:1      | 835 ||| DRINKING 3 fizzy sapphire potions.
   836 | D:1      | 836 ||| DROPPING scroll of butterflies.
   837 | D:1      | 837 ||| DROPPING potion of brilliance.
   976 | D:2      | Reached skill level 1 in Armour
  1255 | D:2      | 1255 ||| READING scroll of enchant weapon.
  1255 | D:2      | 1255 ||| ENCHANTING +1 arbalest.
  1551 | D:2      | Reached XP level 4. HP: 32/34 MP: 0/0
  1600 | D:2      | 1600 ||| READING 2 scrolls labelled UPSACZUMICW.
  1600 | D:2      | 1600 ||| ENCHANTING +0 ring mail.
  1601 | D:2      | 1601 ||| READING scroll labelled XIENASM GETEISS.
  1601 | D:2      | 1601 ||| BRANDING +2 arbalest.
  1602 | D:2      | 1602 ||| DRINKING 2 lumpy purple potions.
  1693 | D:3      | Reached skill level 3 in Fighting
  1788 | D:3      | Found Maotomac's Weapon Boutique.
  1920 | D:3      | Reached XP level 5. HP: 40/40 MP: 0/0
  1920 | D:3      | Learned a level 2 spell: Searing Ray
  2104 | D:3      | 2104 ||| READING scroll labelled AMOABLAOWN.
  2105 | D:3      | 2105 ||| READING scroll labelled AZERUR RUFE.
  2277 | D:4      | Found a shimmering altar of Xom.
  2391 | D:4      | Reached skill level 5 in Ranged Weapons
  2730 | D:4      | Reached XP level 6. HP: 46/46 MP: 0/0
  2872 | D:5      | Entered Level 5 of the Dungeon
  2941 | D:5      | Noticed a black bear
  2942 | D:5      | 2942 ||| ZAPPING wand of mindburst (20) at 3,3 (black bear;
                  | floor).
  2943 | D:5      | 2943 ||| ZAPPING wand of mindburst (19) at 2,2 (black bear;
                  | floor).
  2943 | D:5      | Killed a black bear
  3079 | D:5      | Reached XP level 7. HP: 51/51 MP: 0/0
  3079 | D:5      | Learned a level 3 spell: Passwall
  3102 | D:5      | Noticed Menkaure
  3103 | D:5      | 3103 ||| ZAPPING wand of mindburst (18) at -6,-6 (Menkaure;
                  | floor).
  3104 | D:5      | 3104 ||| ZAPPING wand of mindburst (17) at -5,-5 (Menkaure;
                  | floor).
  3105 | D:5      | 3105 ||| ZAPPING wand of mindburst (16) at -4,-4 (Menkaure;
                  | floor).
  3106 | D:5      | 3106 ||| ZAPPING wand of mindburst (15) at -4,-4 (Menkaure;
                  | floor).
  3106 | D:5      | Killed Menkaure
  3228 | D:5      | Noticed Eustachio
  3229 | D:5      | 3229 ||| ZAPPING wand of mindburst (14) at 6,-6 (Eustachio;
                  | floor).
  3230 | D:5      | 3230 ||| ZAPPING wand of mindburst (13) at 5,-5 (Eustachio;
                  | floor).
  3231 | D:5      | 3231 ||| ZAPPING wand of mindburst (12) at 4,-4 (Eustachio;
                  | floor).
  3232 | D:5      | 3232 ||| ZAPPING wand of mindburst (11) at 7,-6 (Eustachio;
                  | floor).
  3233 | D:5      | 3233 ||| ZAPPING wand of mindburst (10) at 7,-6 (Eustachio;
                  | floor).
  3233 | D:5      | Killed Eustachio
  3265 | D:5      | Noticed Edmund
  3266 | D:5      | 3266 ||| ZAPPING wand of mindburst (9) at 6,0 (Edmund;
                  | floor).
  3267 | D:5      | 3267 ||| ZAPPING wand of mindburst (8) at 5,0 (Edmund;
                  | floor).
  3268 | D:5      | 3268 ||| ZAPPING wand of mindburst (7) at 4,0 (Edmund;
                  | floor).
  3268 | D:5      | Killed Edmund
  3269 | D:5      | Reached skill level 6 in Ranged Weapons
  3269 | D:5      | Reached XP level 8. HP: 58/58 MP: 0/0
  3518 | D:5      | 3518 ||| ZAPPING wand of mindburst (6) at 1,3 (black bear;
                  | floor).
  3646 | D:5      | 3646 ||| UPGRADING to +2 leather armour of cold resistance.
  3656 | D:5      | 3656 ||| DROPPING +1 ring mail.
  3657 | D:5      | 3657 ||| READING scroll labelled MINWEH YZXEORR.
  3658 | D:5      | 3658 ||| READING scroll labelled JUZIOL YQI KUL.
  3694 | D:6      | 3694 ||| PLANNING OSSUARY
  3753 | D:6      | Reached skill level 7 in Ranged Weapons
  3762 | D:6      | Found a sand-covered staircase.
  3769 | Ossuary  | Entered an ossuary
  3901 | Ossuary  | Reached XP level 9. HP: 65/65 MP: 0/0
  3901 | Ossuary  | Learned a level 4 spell: Animate Armour
  3919 | D:6      | 3919 ||| PLANNING D:1-11
  4042 | D:6      | 4042 ||| RETREEEEATING.
  4044 | D:6      | Reached skill level 8 in Ranged Weapons
  4053 | D:6      | Reached skill level 6 in Dodging
  4053 | D:6      | Found a sparkling altar of Nemelex Xobeh.
  4079 | D:6      | Reached skill level 6 in Fighting
  4120 | D:6      | HP: 14/66 [very large slime creature (22)]
  4121 | D:6      | 4121 ||| DRINKING 3 potions of heal wounds.
  4128 | D:6      | Annihilated by a very large slime creature

Levels and vault maps discovered:
D:1:      onia_arrival_mini_maze_b, layout_loops_corners,
          chequers_serial_rivers_micro_e, minmay_strange_pillars
D:2:      layout_basic
D:3:      layout_basic, serial_shops, nicolae_shop_tiny_glass,
          mrwooster_statue_mirror
D:4:      layout_basic, mainiacjoe_overflow_boulevard
D:5:      layout_cave_pods, uniq_edmund, uniq_menkaure, uniq_eustachio
D:6:      cheibrodos_fertilizer, layout_loops_cross,
          nemelex_xobeh_ov_fountains_minmay,
          minmay_temple_entry_enclosed_plants, enter_ossuary_1,
          uniq_crazy_yiuf_cottage

Skill      XL: |  1  2  3  4  5  6  7  8  9 |
---------------+----------------------------+-----
Ranged Weapons | 4 5 6 7 8 |  8.0
Armour         | 1 |  1.0
Fighting       | 3 4 5 6 |  6.1
Dodging        | 4 5 6 |  6.2
Stealth        | |  0.7

Action                     |  1- 3 |  4- 6 |  7- 9 || total
---------------------------+-------+-------+-------++-------
   Fire: Shortbow          |    10 |       |       ||    10
         Arbalest          |    59 |    50 |   136 ||   245
  Evoke: Wand              |       |     2 |    13 ||    15
    Use: Scroll            |     4 |     4 |     2 ||    10
         Potion            |     1 |     1 |     1 ||     3
 Armour: Ring mail         |    13 |    11 |    10 ||    34
         Skin              |     1 |       |       ||     1
         Leather armour    |       |       |    40 ||    40
  Dodge: Dodged            |    16 |     9 |    76 ||   101

Table legend:
 A = Non-vault XP
 B = Vault XP
 C = Vault XP percentage of total XP
 D = Non-vault monster count
 E = Vault monster count
 F = Vault count percentage of total count
                 A         B        C        D         E       F
            +---------+---------+-------+---------+---------+-------
      Total |    1593 |    1263 |  44.2 |      85 |      32 |  27.4
            +---------+---------+-------+---------+---------+-------
        D:1 |      34 |       2 |   5.6 |      20 |       1 |   4.8
        D:2 |      37 |       0 |   0.0 |      20 |       0 |   0.0
        D:3 |      66 |       0 |   0.0 |      11 |       0 |   0.0
        D:4 |     161 |       0 |   0.0 |      12 |       0 |   0.0
        D:5 |     503 |     537 |  51.6 |      10 |       3 |  23.1
        D:6 |     792 |     202 |  20.3 |      12 |       6 |  33.3
    Ossuary |       0 |     522 | 100.0 |       0 |      22 | 100.0
            +---------+---------+-------+---------+---------+-------
